 Dungeon Crawl Stone Soup version 0.31-a0-233-g139696dc86 (webtiles) character file.

Game seed: 3951078770718030602

341 qw the Shooter (level 6, -6/52 HPs)
             Began as a Minotaur Hexslinger on July 7, 2023.
             Killed from afar by an orc wizard (9 damage)
             ... with a puff of flame
             ... on level 4 of the Dungeon.
             The game lasted 00:01:04 (2563 turns).

qw the Shooter (Minotaur Hexslinger)                Turns: 2563, Time: 00:01:05

Health: -6/52      AC:  5    Str: 13    XL:     6   Next: 30%
Magic:  6/6        EV: 11    Int: 10    God:
Gold:   102        SH:  0    Dex: 14    Spells: 6/7 levels left

rFire   . . .        Y - +1 sling
rCold   . . .        (no shield)
rNeg    . . .        j - +0 ring mail
rPois   .            (helmet restricted)
rElec   .            (no cloak)
rCorr   +            (no gloves)
SInv    .            (no boots)
Will    .....        (no amulet)
Stlth   +            a - ring of resist corrosion
HPRegen 0.28/turn    (no ring)
MPRegen 0.10/turn

%: no passive effects
@: no status effects
A: horns 2, retaliatory headbutt, claws 1
a: no special abilities


You were on level 4 of the Dungeon.
You visited 1 branch of the dungeon, and saw 4 of its levels.

You collected 142 gold pieces.
You spent 40 gold pieces at shops.


Innate Abilities, Weirdness & Mutations

You have a pair of horns on your head.
You reflexively headbutt those who attack you in melee.
You have sharp fingernails.


   Skills:
 - Level 4.1 Fighting
 + Level 6.2 Ranged Weapons
 - Level 1.2 Armour
 - Level 2.1 Dodging
 - Level 1.0 Spellcasting
 - Level 2.0 Hexes


You had 6 spell levels left.
You knew the following spells:

 Your Spells              Type           Power      Damage    Failure   Level
a - Slow                  Hex            16%        N/A       32%         1

Your spell library contained the following spells:

 Spells                   Type           Power      Damage    Failure   Level
 Inner Flame              Hex/Fire       2%         N/A       82%         3
 Portal Projectile        Hex/Tloc       4%         N/A       82%         3
 Cause Fear               Hex            2%         N/A       97%         4

Inventory:

Hand Weapons
 Y - a +1 sling (weapon)
Armour
 j - a +0 ring mail (worn)
Jewellery
 a - a ring of resist corrosion (left claw)
Scrolls
 n - a scroll of identify
Potions
 b - a potion of resistance {unknown}
 e - a potion of mutation
 f - 2 potions of enlightenment
 g - a potion of heal wounds {unknown}
 h - a potion of haste
 i - a potion of brilliance {unknown}
 l - a potion of attraction {unknown}

Dungeon Overview and Level Annotations

Branches:
Dungeon (4/15)
 Temple: D:4-7

Altars:
Gozag
Trog
Uskayaw
Wu Jian

Shops:
D:2 [


Message History

The orc priest barely misses you. The orc wizard misses you.
The orc wizard hits you but does no damage.
The orc priest hits you but does no damage.
The orc priest closely misses you.
The orc wizard hits you with a +0 dagger.
The orc priest hits you with a +0 war axe.
The orc wizard hits you with a +0 dagger.
The orc wizard closely misses you.
The orc priest hits you but does no damage.
The orc wizard casts a spell at you. The puff of flame hits you.
The orc priest calls upon Beogh to heal the orc wizard.
The orc wizard's wounds heal themselves!
You feel less confused. The orc priest closely misses you.
You furiously retaliate!
You headbutt the orc priest!
You kill the orc priest!
The orc wizard hits you but does no damage.
Your Fighting skill increases to level 4!
You shoot a sling bullet.
The sling bullet barely misses the orc wizard.
The orc wizard hits you with a +0 dagger.
You shoot a sling bullet. The sling bullet hits the orc wizard.
The orc wizard is lightly wounded.
The orc wizard hits you but does no damage.
You shoot a sling bullet.
The sling bullet closely misses the orc wizard.
The orc wizard casts a spell.
The orc wizard flickers and vanishes!
Deactivating autopickup; reactivate with Ctrl-A.
Something hits you.
You shoot a sling bullet. Something hits you.
You shoot a sling bullet. Something hits you but does no damage.
You shoot a sling bullet.
You hear some strange, mumbled words.
A puff of flame appears from out of thin air!
The puff of flame hits you!
You die...

### ######## ..#########
#......# ..........#
#......# ..........###
#......#
............###......#
..........#...#......#
..........###....)...#..
...........####.@)).....
.#.........####)%{......
.#............#.........
.#......................
.#......[.........##....
.####.#..#.........##...
.# #.##.#..............
.# #.##.#..............
.# #.##....#....#.....


There were no monsters in sight!

Vanquished Creatures
  A phantom (D:4)
  2 orc priests
  2 hounds
  An orc wizard (D:3)
  4 adders
  An ufetubus (D:4)
  A worm (D:3)
  2 dart slugs
  10 orcs
  9 ball pythons
  7 bats
  9 endoplasms
  6 giant cockroaches
  2 goblins
  2 hobgoblins
  4 kobolds (D:1)
  A quokka (D:1)
  3 frilled lizards
  6 rats
73 creatures vanquished.

Notes
Turn   | Place    | Note
-------+----------+-------------------------------------------
     0 | D:1      | qw the Minotaur Hexslinger began the quest for the Orb.
     0 | D:1      | Reached XP level 1. HP: 16/16 MP: 1/1
     0 | D:1      | 0 ||| qw: Version: 0.3-a-46-gb1f654a
     0 | D:1      | 0 ||| qw: Game counter: 3275
     0 | D:1      | 0 ||| qw: Melee chars always use a shield: true
     0 | D:1      | 0 ||| qw: God list: Okawaru
     0 | D:1      | 0 ||| qw: Allow faded altars: false
     0 | D:1      | 0 ||| qw: Do Orc after clearing Dungeon:15 true
     0 | D:1      | 0 ||| qw: Do second Lair branch before Depths: true
     0 | D:1      | 0 ||| qw: Lair rune preference: random
     0 | D:1      | 0 ||| qw: Goals: Normal
     0 | D:1      | 0 ||| PLANNING D:1-11
   201 | D:1      | HP: 2/16 [kobold/+2 dagger of flaming (3)]
   203 | D:1      | Reached skill level 3 in Ranged Weapons
   276 | D:1      | Reached XP level 2. HP: 23/23 MP: 2/2
   698 | D:1      | Found a faded altar of an unknown god.
   736 | D:1      | Reached XP level 3. HP: 29/29 MP: 3/3
   821 | D:1      | 821 ||| UPGRADING to +0 leather armour.
   831 | D:1      | 831 ||| DROPPING +0 robe.
   832 | D:1      | 832 ||| DRINKING 2 metallic golden potions.
   832 | D:1      | Gained mutation: You have sharp fingernails. [potion of
                  | mutation]
   833 | D:1      | 833 ||| DROPPING scroll of poison.
  1148 | D:2      | Reached skill level 4 in Ranged Weapons
  1421 | D:2      | Found Piunef's Armour Boutique.
  1435 | D:2      | 1435 ||| BUYING +0 ring mail (40 gold).
  1435 | D:2      | Bought a +0 ring mail for 40 gold pieces
  1435 | D:2      | 1435 ||| SHOPLISTING +1 pair of boots of flying (165 gold,
                  | have 49).
  1435 | D:2      | 1435 ||| SHOPLISTING +3 pair of gauntlets of War {Slay+5}
                  | (475 gold, have 49).
  1454 | D:2      | 1454 ||| UPGRADING to +0 ring mail.
  1464 | D:2      | 1464 ||| DROPPING +0 leather armour.
  1465 | D:2      | 1465 ||| READING scroll labelled PIKIOKHIETS.
  1466 | D:2      | 1466 ||| READING scroll labelled QOUG KIGGEO.
  1471 | D:2      | 1471 ||| DRINKING 3 bubbling inky potions.
  1489 | D:3      | Reached skill level 1 in Armour
  1497 | D:3      | 1497 ||| FLEEEEING.
  1502 | D:3      | 1502 ||| STAIRDANCE
  1565 | D:3      | 1565 ||| STAIRDANCE
  1565 | D:3      | HP: 7/29 [orc priest/+0 flail (9)]
  1568 | D:2      | Reached XP level 4. HP: 9/36 MP: 4/4
  1720 | D:3      | Reached skill level 5 in Ranged Weapons
  1950 | D:3      | Reached XP level 5. HP: 32/41 MP: 5/5
  2017 | D:3      | Reached skill level 3 in Fighting
  2134 | D:3      | Found a bloodstained altar of Trog.
  2135 | D:3      | Found an opulent altar of Gozag.
  2137 | D:3      | Found a hide-covered altar of Uskayaw.
  2137 | D:3      | Found an ornate altar of the Wu Jian Council.
  2287 | D:3      | 2287 ||| UPGRADING to ring of resist corrosion.
  2288 | D:3      | 2288 ||| READING scroll labelled UWKEIKA RIKYNE.
  2289 | D:3      | 2289 ||| READING scroll labelled PURAAVE ILACK.
  2390 | D:3      | 2390 ||| READING scroll labelled REECIE DAGISHAYXIGG.
  2391 | D:3      | 2391 ||| READING scroll labelled WEJIANKEXUO.
  2392 | D:3      | 2392 ||| READING 2 scrolls labelled ALOTEU GIPLU.
  2393 | D:3      | 2393 ||| READING scroll labelled ZUNNIS LOYZ.
  2394 | D:3      | 2394 ||| DRINKING 2 fizzy purple potions.
  2444 | D:4      | Noticed a phantom
  2466 | D:4      | Killed a phantom
  2467 | D:4      | Reached skill level 6 in Ranged Weapons
  2539 | D:4      | Reached XP level 6. HP: 51/51 MP: 6/6
  2554 | D:4      | HP: 12/52 [orc priest/+0 war axe (5)]
  2560 | D:4      | HP: 4/52 [something (3)]
  2563 | D:4      | Killed from afar by an orc wizard

Levels and vault maps discovered:
D:1:      nicolae_arrival_memento_mori, layout_loops_ring,
          ebering_ecumenical_altar_box, supply_closet_lemuel, minivault_4
D:2:      layout_basic, serial_shops, nicolae_shop_tiny_statue_garden
D:3:      layout_basic, grunt_temple_overflow_open
D:4:      layout_rooms, serial_shops, shop, uniq_sigmund

Skill      XL: |  1  2  3  4  5  6 |
---------------+-------------------+-----
Ranged Weapons | 3 4 5 6 |  6.2
Fighting       | 2 3 4 |  4.1
Armour         | 1 |  1.2
Dodging        | |  2.1
Spellcasting   | |  1.0
Hexes          | |  2.0

Action                     |  1- 3 |  4- 6 || total
---------------------------+-------+-------++-------
   Fire: Sling             |   108 |   122 ||   230
    Use: Scroll            |     2 |     6 ||     8
         Potion            |     2 |     1 ||     3
 Armour: Robe              |     3 |       ||     3
         Ring mail         |     3 |    31 ||    34
         Leather armour    |     1 |       ||     1
  Dodge: Dodged            |    24 |    54 ||    78

Table legend:
 A = Non-vault XP
 B = Vault XP
 C = Vault XP percentage of total XP
 D = Non-vault monster count
 E = Vault monster count
 F = Vault count percentage of total count
                 A         B        C        D         E       F
            +---------+---------+-------+---------+---------+-------
      Total |     488 |       0 |   0.0 |      73 |       0 |   0.0
            +---------+---------+-------+---------+---------+-------
        D:1 |      44 |       0 |   0.0 |      25 |       0 |   0.0
        D:2 |      69 |       0 |   0.0 |      13 |       0 |   0.0
        D:3 |     134 |       0 |   0.0 |      22 |       0 |   0.0
        D:4 |     241 |       0 |   0.0 |      13 |       0 |   0.0
            +---------+---------+-------+---------+---------+-------
